 Dungeon Crawl Stone Soup version 0.32-a0-799-g95e1662365 (webtiles) character file.

Game seed: 13640717583656140620

11 Ruich the Conjurer (level 2, 7/20 HPs)
             Began as a Demigod Conjurer on Mar 21, 2024.
             Quit the game on level 1 of the Dungeon.
             The game lasted 00:02:10 (241 turns).

Ruich the Conjurer (Demigod Conjurer)                Turns: 241, Time: 00:02:11

Health: 7/20       AC:  2    Str:  8    XL:     2   Next: 6%
Magic:  1/7        EV: 11    Int: 20    God:
Gold:   53         SH:  0    Dex: 12    Spells: 4/5 levels left

rFire   . . .        (no weapon)
rCold   . . .        (no shield)
rNeg    . . .        a - +0 robe
rPois   .            (no helmet)
rElec   .            (no cloak)
rCorr   .            (no gloves)
SInv    .            (no boots)
Will    .....        (no amulet)
Stlth   ++           (no ring)
HPRegen 0.23/turn    (no ring)
MPRegen 0.10/turn

%: no passive effects
@: no status effects
A: high MP 1, forlorn, divine attributes
a: no special abilities


You were on level 1 of the Dungeon.
You visited 1 branch of the dungeon, and saw 1 of its levels.

You collected 53 gold pieces.


Innate Abilities, Weirdness & Mutations

You have an increased reservoir of magic. (+10% MP)
You shall have no god before yourself.
Your divine heritage dramatically boosts your attributes as you level up.


   Skills:
 - Level 2.0 Dodging
 - Level 2.0 Stealth
 + Level 2.0 Spellcasting
 * Level 3.8 Conjurations


You had 4 spell levels left.
You knew the following spells:

 Your Spells              Type           Power      Damage    Failure   Level
m - Magic Dart            Conj           68%        1d6       3%          1

Your spell library contained the following spells:

 Spells                   Type           Power      Damage    Failure   Level
 Searing Ray              Conj           34%        2d5       4%          2
 Fulminant Prism          Conj/Alch      4%         3d5       58%         4
 Iskenderun's Mystic Bla  Conj/Tloc      9%         2d4       58%         4

Inventory:

Armour
 a - a +0 robe (worn)
Potions
 b - a potion of heal wounds {unknown}
 c - a potion of haste {unknown}

Dungeon Overview and Level Annotations

Branches:
Dungeon (1/15) Zot: 5759

..#####..........#
### #..........#
##......)#.## #
##..(...#..# ##
#.........### .##
#.......#.[.#####
..###
#.......##......#
....+
#.......###.###..#
..###
#.......@hh......#
.##
#......h###..#####
##
#.........##.... #
#.......#.. ###...
#..#.....###. ..
######...# . #...
..##


You could see 3 jackals.


Message History

Confirm with . or Enter, or press ? or * to list all spells.
You don't have enough magic to cast this spell.
Casting: Magic Dart (safe; 3% risk of failure)
Confirm with . or Enter, or press ? or * to list all spells.
You don't have enough magic to cast this spell.
Unknown command.
Casting: Magic Dart (safe; 3% risk of failure)
Confirm with . or Enter, or press ? or * to list all spells.
You don't have enough magic to cast this spell.
Casting: Magic Dart (safe; 3% risk of failure)
Confirm with . or Enter, or press ? or * to list all spells.
You don't have enough magic to cast this spell.
You closely miss the jackal. The jackal bites you. x2
You hit the jackal.
The jackal is moderately wounded.
The jackal bites you.
* * * LOW HITPOINT WARNING * * *
You closely miss the jackal.
The jackal is lightly wounded.
The jackal bites you.
* * * LOW HITPOINT WARNING * * *
The jackal barely misses you. The jackal closely misses you.
Your magical contamination has completely faded away.
Saving game... please wait.
Welcome back, Ruich the Demigod Conjurer.
Press ? for a list of commands and other information.
Saving game... please wait.
Welcome back, Ruich the Demigod Conjurer.
Press ? for a list of commands and other information.
Are you sure you want to abandon this character and quit the game? (Confirm with "yes".)

Skill      XL: |  1 |
---------------+----+-----
Stealth        | 2 |  2.0
Dodging        | 2 |  2.0
Spellcasting   | 2 |  2.0
Conjurations   | |  3.8

Action                     || total
---------------------------++-------
  Melee: Unarmed           ||     4
   Cast: Magic Dart        ||    23
    Use: Potion            ||     1
 Armour: Robe              ||    11
  Dodge: Dodged            ||     9

Levels and vault maps discovered:
D:1:      dpeg_arrival_rhombi, layout_rooms

Notes
Turn   | Place    | Note
-------+----------+-------------------------------------------
     0 | D:1      | Ruich the Demigod Conjurer began the quest for the Orb.
     0 | D:1      | Reached XP level 1. HP: 14/14 MP: 5/5
    75 | D:1      | Reached skill level 2 in Stealth
   116 | D:1      | Reached skill level 2 in Dodging
   172 | D:1      | Reached skill level 2 in Spellcasting
   172 | D:1      | Reached XP level 2. HP: 20/20 MP: 2/7
   241 | D:1      | Quit the game

Vanquished Creatures
  An endoplasm (D:1)
  5 jackals (D:1)
  A quokka (D:1)
  2 bats (D:1)
9 creatures vanquished.

Table legend: (Time is in decaauts)
 A = Elapsed time spent in this place.
 B = Non-inter-level travel time spent in this place.
 C = Inter-level travel time spent in this place.
 D = Time resting spent in this place.
 E = Time spent auto-exploring this place.
 F = Levels seen in this place.
 G = Mean time per level.
                   A        B        C        D        E       F      G
               +--------+--------+--------+--------+--------+-----+--------+
         Total |    241 |    241 |      0 |     64 |     99 |   1 |  241.0 |
       Dungeon |    241 |    241 |      0 |     64 |     99 |   1 |  241.0 |
               +--------+--------+--------+--------+--------+-----+--------+

Top non-repeatable levels by time:
     D:1: 241 daAuts

Table legend:
 A = Non-vault XP
 B = Vault XP
 C = Vault XP percentage of total XP
 D = Non-vault monster count
 E = Vault monster count
 F = Vault count percentage of total count
                 A         B        C        D         E       F
            +---------+---------+-------+---------+---------+-------
      Total |      17 |       0 |   0.0 |       9 |       0 |   0.0
            +---------+---------+-------+---------+---------+-------
        D:1 |      17 |       0 |   0.0 |       9 |       0 |   0.0
            +---------+---------+-------+---------+---------+-------
